 Dungeon Crawl Stone Soup version 0.27.1 (webtiles) character file.

Game seed: 14558200777996467609

50179 Renzlar the Blocker (level 14, 23/113 HPs)
             Began as a Gnoll Fighter on Aug 28, 2021.
             Was the Champion of Okawaru.
             Quit the game on level 6 of the Lair of Beasts.
             The game lasted 01:17:54 (21519 turns).

Renzlar the Blocker (Gnoll Fighter)                Turns: 21519, Time: 01:17:54

Health: 23/113     AC: 21    Str: 19    XL:     14   Next: 54%
Magic:  14/27      EV: 16    Int: 14    God:    Okawaru [******]
Gold:   1076       SH: 18    Dex: 12    Spells: 24/31 levels left

rFire    . . .     SeeInvis +   o - +5 mace "Arraog" {venom, Int+3}
rCold    . . .     Faith    .   n - +1 kite shield
rNeg     . . .     Spirit   .   R - +6 scale mail "Silubok" {Int+2}
rPois    .         Reflect  +   D - +0 helmet {SInv}
rElec    .         Harm     .   (no cloak)
rCorr    .         Rampage  .   p - +0 pair of gloves
Will     +....                  H - +2 pair of boots
Stlth    +++.......             k - amulet of reflection
HPRegen  0.28/turn              (no ring)
MPRegen  0.20/turn              P - +4 ring of evasion

@: mildly poisoned (23 -> 16), marked
A: fangs 1, strong nose, distributed training
a: Renounce Religion, Heroism, Finesse


You were on level 6 of the Lair of Beasts.
You worshipped Okawaru.
Okawaru was exalted by your worship.
You visited 3 branches of the dungeon, and saw 18 of its levels.

You collected 1076 gold pieces.

Inventory:

Hand Weapons
 a - a +1 war axe of draining
 c - a +0 hunting sling
 d - the +7 whip "Viutuh" {speed, rCorr MP+9 SInv}
   (You found it on level 4 of the Dungeon)

   Attacks with this weapon are significantly faster.
   MP:        It affects your magic capacity (+9).
   SInv:      It lets you see invisible.
   rCorr:     It protects you from acid and corrosion.
 f - a +0 hand crossbow
 o - the +5 mace "Arraog" (weapon) {venom, Int+3}
   (You found it on level 6 of the Lair of Beasts)

   It poisons the flesh of those it strikes.
   Int:       It affects your intelligence (+3).
 x - a +0 broad axe
 A - a +2 dagger of electrocution
Missiles
 h - 567 stones
 j - 91 bolts
 v - 50 poisoned darts (quivered)
 G - 66 sling bullets
Armour
 g - a +2 troll leather armour {Snorg}
 n - a +1 kite shield (worn)
 p - a +0 pair of gloves (worn)
 D - a +0 helmet of see invisible (worn)
 H - a +2 pair of boots (worn)
 R - the +6 scale mail "Silubok" (worn) {Int+2}
   (You found it on level 3 of the Lair of Beasts)

   Int:       It affects your intelligence (+2).
Jewellery
 k - an amulet of reflection (around neck)
 r - the ring of Loisoj {*Corrode Fly Will+ Str+2}
   (You acquired it on level 4 of the Dungeon)

   [ring of flight]

   Str:       It affects your strength (+2).
   Fly:       It grants you flight.
   *Corrode:  It may corrode you when you take damage.
   Will:      It increases your willpower.
 z - a ring of see invisible
 P - a +4 ring of evasion (right hand)
Wands
 q - a wand of acid (22)
 y - a wand of flame (20)
 B - a wand of polymorph (15)
 K - a wand of digging (5)
 O - a wand of paralysis (11)
Scrolls
 b - 3 scrolls of amnesia
 u - 4 scrolls of teleportation
 w - 2 scrolls of enchant weapon
 F - 2 scrolls of fog
 I - 4 scrolls of magic mapping
Potions
 e - a potion of cancellation {unknown}
 i - 6 potions of haste
 l - 5 potions of heal wounds
 m - 3 potions of curing
 s - 5 potions of lignification
 t - 3 potions of might
 C - a potion of mutation {unknown}
 E - 2 potions of magic
 J - a potion of berserk rage
Miscellaneous
 M - a tin of tremorstones (2/2)


   Skills:
 + Level 11.2 Fighting
 + Level 9.3 Short Blades
 + Level 9.3 Long Blades
 + Level 10.3 Axes
 + Level 9.3 Maces & Flails
 + Level 9.3 Polearms
 + Level 9.3 Staves
 + Level 9.3 Slings
 + Level 9.3 Bows
 + Level 9.3 Crossbows
 + Level 9.3 Throwing
 + Level 11.2 Armour
 + Level 9.3 Dodging
 + Level 9.3 Stealth
 + Level 11.2 Shields
 + Level 9.3 Unarmed Combat
 + Level 9.3 Spellcasting
 + Level 7.8 Conjurations
 + Level 7.8 Hexes
 + Level 7.8 Summonings
 + Level 7.8 Necromancy
 + Level 7.8 Translocations
 + Level 7.8 Transmutations
 + Level 7.8 Fire Magic
 + Level 7.8 Ice Magic
 + Level 7.8 Air Magic
 + Level 7.8 Earth Magic
 + Level 7.8 Poison Magic
 + Level 10.1 Invocations
 + Level 9.3 Evocations


You had 24 spell levels left.
You knew the following spells:

 Your Spells              Type           Power      Damage    Failure   Level
a - Airstrike             Air            14%        N/A       19%         4
b - Ignite Poison         Fire/Tmut/Pois 28%        N/A       5%          3

Your spell library contained the following spells:

 Spells                   Type           Power      Damage    Failure   Level
 Foxfire                  Conj/Fire      100%       2x1d9     1%          1
 Shock                    Conj/Air       100%       1d9       1%          1
 Slow                     Hex            28%        N/A       2%          2
 Confusing Touch          Hex            28%        N/A       5%          3
 Conjure Flame            Conj/Fire      28%        6-21      5%          3
 Inner Flame              Hex/Fire       28%        N/A       5%          3
 Mephitic Cloud           Conj/Pois/Air  28%        N/A       5%          3
 Swiftness                Air            28%        N/A       5%          3
 Vampiric Draining        Necr           14%        2d8       5%          3
 Bolt of Magma            Conj/Fire/Erth 14%        4d8       45%         5
 Borgnjor's Revivificati  Necr           14%        N/A       100%        8
 Necromutation            Tmut/Necr      14%        N/A       100%        8
 Death's Door             Necr           14%        N/A       100%        9


Dungeon Overview and Level Annotations

Branches:
Dungeon (11/15)            Temple (1/1) D:6            Lair (6/6) D:11
  Swamp (0/4) Lair:2       Spider (0/4) Lair:4
  Slime: Lair:5-6       Orc: D:9-12

Altars:
Ashenzari
Cheibriados
Dithmenos
Elyvilon
Fedhas
Gozag
Hepliaklqana
Kikubaaqudgha
Makhleb
Nemelex Xobeh
Okawaru
Qazlal
Ru
Sif Muna
Trog
Uskayaw
Vehumet
Wu Jian
Xom
Yredelemnul
Zin
The Shining One

Shops:
D:10 *


Innate Abilities, Weirdness & Mutations

You have very sharp teeth.
Your uncanny sense of smell can sniff out nearby items.
Your experience applies equally to all skills.


Message History

You block the water moccasin's attack. The sea snake completely misses you.
The harpy closely misses you. The harpy barely misses you.
The blink frog completely misses you. x2; The water moccasin barely misses you.
Unknown command.
You slash the sea snake! You drain the sea snake.
Your bite misses the sea snake.
The sea snake is moderately wounded.
You closely miss the blink frog. You hit the blink frog. You hit the harpy.
You drain the harpy.
You hit the water moccasin but do no damage.
Your surroundings suddenly seem different.
A hydra, a cane toad, a polar bear and 2 dream sheep come into view.
You feel very sick.
You feel very sick.
A cane toad comes into view.
You slash the dream sheep! You drain the dream sheep.
The dream sheep is almost dead.
You closely miss the cane toad.
You feel very sick. You block the cane toad's attack.
The dream sheep closely misses you.
You hit the dream sheep.
You kill the dream sheep!
Okawaru accepts your kill.
You barely miss the cane toad. You hit the polar bear.
You drain the polar bear.
You feel very sick. You block the cane toad's attack.
The polar bear bites you but does no damage.
You block the polar bear's attack. The polar bear completely misses you.
Your magical contamination has completely faded away.
Unknown command.
Are you sure you want to abandon this character and quit the game? (Confirm with "yes".)
Okay, then.
You feel clever.
The +5 mace "Arraog" {venom, Int+3} begins to drip with poison!
o - the +5 mace "Arraog" (weapon)
{venom, Int+3} You feel sick.
The cane toad barely misses you. You block the polar bear's attack.
The polar bear misses you. x2
Unknown command.
Are you sure you want to abandon this character and quit the game? (Confirm with "yes".)

##.P.........
..P.........
##...........
##............
###P............
................
...F..Dh........
#P...F@........
#......Y........
##..............
#..............
##.............
#.............
###...........
≈####
####........
≈≈#.# ###


You could see an eight-headed hydra, a polar bear (drained), 2 cane toads and a
dream sheep.

Vanquished Creatures
  Snorg (D:11)
  8 hydras
  2 boulder beetles
  A merfolk avatar (Lair:6)
  A centaur warrior (D:9)
  2 two-headed ogres
  A catoblepas (Lair:4)
  16 death yaks
  2 sea snakes (Lair:6)
  A harpy (Lair:6)
  The ghost of a11behringer the Carver, a novice MiFi of Qazlal (D:6)
  An oklob plant (Lair:5)
  A manticore (Lair:6)
  A cyclops (D:11)
  A black mamba (Lair:6)
  13 elephants
  A torpor snail (Lair:5)
  8 cane toads
  A kobold demonologist (D:8)
  2 rime drakes
  3 komodo dragons
  3 wind drakes (Lair:6)
  2 hornets (Lair:6)
  2 polar bears
  A dream sheep (Lair:6)
  Prince Ribbit (D:6)
  A snapping turtle (Lair:6)
  10 blink frogs
  A wraith (D:10)
  2 redbacks (Lair:4)
  4 basilisks
  3 fire bats (Lair:1)
  4 wyverns
  27 yaks
  A steam dragon (Lair:6)
  8 vampire mosquitoes
  An acid dragon (D:11)
  Duvessa (D:7)
  9 water moccasins
  4 orc warriors
  2 sky beasts
  A necrophage (D:6)
  2 black bears
  3 ogres
  17 wolves
  2 centaurs
  2 phantoms (D:6)
  2 kobold brigands
  13 bullfrogs
  2 scorpions (D:6)
  Dowan (D:7)
  A wyvern skeleton (D:7)
  2 water moccasin skeletons
  15 killer bees
  4 wights (D:8)
  An electric eel (Lair:2)
  A howler monkey (D:11)
  A centaur zombie (D:6)
  2 orc priests
  A jelly (D:7)
  A bullfrog zombie (D:5)
  A gnoll shaman (D:6)
  2 hounds
  4 iguanas
  A bullfrog skeleton (D:5)
  5 orc wizards
  A hound skeleton (D:5)
  2 howler monkey zombies (D:9)
  Robin (D:2)
  6 adders
  13 gnolls
  2 white imps
  3 worms
  23 orcs
  6 ball pythons
  7 endoplasms
  4 giant cockroaches
  17 goblins
  12 hobgoblins
  8 quokkas
  8 bats
  9 frilled lizards
  28 kobolds
  7 rats
399 creatures vanquished.

Vanquished Creatures (others)
  31 fungi
  64 plants
95 creatures vanquished.

Grand Total: 494 creatures vanquished

Notes
Turn   | Place    | Note
-------+----------+-------------------------------------------
     0 | D:1      | Renzlar the Gnoll Fighter began the quest for the Orb.
     0 | D:1      | Reached XP level 1. HP: 23/23 MP: 1/1
   108 | D:1      | Reached XP level 2. HP: 29/29 MP: 2/2
   232 | D:1      | Reached XP level 3. HP: 35/35 MP: 3/3
   346 | D:1      | Found a faded altar of an unknown god.
   471 | D:1      | Reached skill level 1 in Invocations
   943 | D:2      | Reached skill level 1 in Short Blades
   943 | D:2      | Reached skill level 1 in Long Blades
   943 | D:2      | Reached skill level 1 in Maces & Flails
   943 | D:2      | Reached skill level 1 in Polearms
   943 | D:2      | Reached skill level 1 in Staves
   943 | D:2      | Reached skill level 1 in Slings
   943 | D:2      | Reached skill level 1 in Bows
   943 | D:2      | Reached skill level 1 in Crossbows
   943 | D:2      | Reached skill level 1 in Throwing
   943 | D:2      | Reached skill level 1 in Dodging
   943 | D:2      | Reached skill level 1 in Stealth
   943 | D:2      | Reached skill level 1 in Unarmed Combat
   943 | D:2      | Reached skill level 1 in Spellcasting
   943 | D:2      | Reached skill level 1 in Evocations
   946 | D:2      | Reached XP level 4. HP: 41/41 MP: 5/5
  1268 | D:2      | Reached skill level 1 in Conjurations
  1268 | D:2      | Reached skill level 1 in Hexes
  1268 | D:2      | Reached skill level 1 in Summonings
  1268 | D:2      | Reached skill level 1 in Necromancy
  1268 | D:2      | Reached skill level 1 in Translocations
  1268 | D:2      | Reached skill level 1 in Transmutations
  1268 | D:2      | Reached skill level 1 in Fire Magic
  1268 | D:2      | Reached skill level 1 in Ice Magic
  1268 | D:2      | Reached skill level 1 in Air Magic
  1268 | D:2      | Reached skill level 1 in Earth Magic
  1268 | D:2      | Reached skill level 1 in Poison Magic
  1478 | D:2      | Noticed Robin
  1488 | D:2      | Killed Robin
  2024 | D:3      | Reached XP level 5. HP: 47/47 MP: 6/6
  2024 | D:3      | Found an ancient bone altar of Kikubaaqudgha.
  2340 | D:3      | Noticed a sky beast
  2358 | D:3      | Killed a sky beast
  2621 | D:4      | Reached XP level 6. HP: 53/53 MP: 8/8
  2682 | D:4      | Found a bloodstained altar of Trog.
  2774 | D:4      | Reached skill level 5 in Axes
  3001 | D:4      | Identified the +7 whip "Viutuh" {speed, rCorr MP+9 SInv}
  3107 | D:4      | Reached XP level 7. HP: 59/59 MP: 10/10
  3144 | D:4      | Found an ornate altar of the Wu Jian Council.
  3356 | D:5      | Entered Level 5 of the Dungeon
  3398 | D:4      | Identified a scroll of acquirement
  3398 | D:4      | Acquired the ring of Loisoj {*Corrode Fly Will+ Str+2}
  3830 | D:5      | Found a blossoming altar of Fedhas.
  3878 | D:5      | Noticed a +0 falchion
  3879 | D:5      | Noticed a +0 short sword
  3879 | D:5      | Noticed a +0 spear
  3886 | D:5      | Noticed a +0 falchion
  3887 | D:5      | Noticed a +0 dagger
  3887 | D:5      | Noticed a +0 dagger
  3888 | D:5      | Noticed a +0 short sword
  3895 | D:5      | Noticed a +0 spear
  3904 | D:5      | Found a hide-covered altar of Uskayaw.
  4129 | D:6      | Noticed Prince Ribbit
  4234 | D:6      | Found a runed translucent door.
  4258 | D:6      | Reached XP level 8. HP: 67/67 MP: 12/12
  4277 | D:6      | Noticed a11behringer's ghost (novice MiFi)
  4301 | D:6      | Killed a11behringer's ghost
  4429 | D:6      | Killed Prince Ribbit
  4444 | D:6      | Reached XP level 9. HP: 29/72 MP: 14/14
  4649 | D:6      | Found a staircase to the Ecumenical Temple.
  4663 | Temple   | Entered the Ecumenical Temple
  4843 | Temple   | Became a worshipper of Warmaster Okawaru
  5003 | D:6      | Found a white marble altar of Elyvilon.
  5744 | D:7      | Noticed Duvessa
  5744 | D:7      | Noticed Dowan
  5765 | D:7      | Killed Duvessa
  5765 | D:7      | Reached * piety under Okawaru
  5847 | D:7      | Killed Dowan
  6676 | D:7      | Reached skill level 5 in Invocations
  6731 | D:7      | Found a radiant altar of Vehumet.
  7109 | D:8      | Reached ** piety under Okawaru
  7110 | D:8      | Reached XP level 10. HP: 39/80 MP: 17/17
  7642 | D:8      | Noticed a two-headed ogre
  7660 | D:8      | Killed a two-headed ogre
  7661 | D:8      | Reached skill level 5 in Short Blades
  7661 | D:8      | Reached skill level 5 in Long Blades
  7661 | D:8      | Reached skill level 5 in Maces & Flails
  7661 | D:8      | Reached skill level 5 in Polearms
  7661 | D:8      | Reached skill level 5 in Staves
  7661 | D:8      | Reached skill level 5 in Slings
  7661 | D:8      | Reached skill level 5 in Bows
  7661 | D:8      | Reached skill level 5 in Crossbows
  7661 | D:8      | Reached skill level 5 in Throwing
  7661 | D:8      | Reached skill level 5 in Dodging
  7661 | D:8      | Reached skill level 5 in Stealth
  7661 | D:8      | Reached skill level 5 in Unarmed Combat
  7661 | D:8      | Reached skill level 5 in Spellcasting
  7661 | D:8      | Reached skill level 5 in Evocations
  8258 | D:8      | Noticed a kobold demonologist
  8265 | D:8      | Noticed a sun demon
  8274 | D:8      | Noticed an orange demon
  8281 | D:8      | Killed a kobold demonologist
  8853 | D:8      | Reached *** piety under Okawaru
  9018 | D:9      | Noticed a centaur warrior
  9021 | D:9      | Killed a centaur warrior
  9264 | D:9      | Noticed a boulder beetle
  9268 | D:9      | Noticed a five-headed hydra
  9313 | D:8      | Killed a boulder beetle
  9313 | D:8      | Reached **** piety under Okawaru
  9314 | D:8      | Reached XP level 11. HP: 61/87 MP: 19/19
  9426 | D:9      | Noticed a five-headed hydra
  9446 | D:9      | Killed a five-headed hydra
  9570 | D:9      | Killed a five-headed hydra
  9570 | D:9      | Reached ***** piety under Okawaru
  9571 | D:9      | Reached skill level 5 in Conjurations
  9571 | D:9      | Reached skill level 5 in Hexes
  9571 | D:9      | Reached skill level 5 in Summonings
  9571 | D:9      | Reached skill level 5 in Necromancy
  9571 | D:9      | Reached skill level 5 in Translocations
  9571 | D:9      | Reached skill level 5 in Transmutations
  9571 | D:9      | Reached skill level 5 in Fire Magic
  9571 | D:9      | Reached skill level 5 in Ice Magic
  9571 | D:9      | Reached skill level 5 in Air Magic
  9571 | D:9      | Reached skill level 5 in Earth Magic
  9571 | D:9      | Reached skill level 5 in Poison Magic
 10470 | D:10     | Entered Level 10 of the Dungeon
 10551 | D:10     | Noticed a two-headed ogre
 10932 | D:10     | Found Deagatto's CLEARANCE SALE! EVERYTHING MUST GO!.
 11048 | D:10     | Found a shadowy altar of Dithmenos.
 11540 | D:11     | Noticed a two-headed ogre
 11555 | D:11     | Killed a two-headed ogre
 11555 | D:11     | Identified the +2 scale mail of the Hills {Rampage +Blink}
                  | (Okawaru gifted it to you on level 11 of the Dungeon)
 11555 | D:11     | Received a gift from Okawaru
 11672 | D:11     | Noticed a boulder beetle
 11679 | D:11     | Noticed Snorg
 11699 | D:11     | Killed a boulder beetle
 11734 | D:11     | Killed Snorg
 11776 | D:11     | Noticed a cyclops
 11789 | D:11     | Killed a cyclops
 12523 | D:11     | Found a staircase to the Lair.
 12904 | Lair:1   | Entered Level 1 of the Lair of Beasts
 12914 | Lair:1   | Reached XP level 12. HP: 96/96 MP: 22/22
 13189 | Lair:1   | Found a shimmering altar of Xom.
 13341 | Lair:1   | Found a dark tunnel.
 14128 | Lair:2   | Noticed a death yak
 14165 | Lair:2   | Noticed a death yak
 14166 | Lair:2   | Noticed a death yak
 14169 | Lair:2   | Killed a death yak
 14181 | Lair:2   | Killed a death yak
 14187 | Lair:2   | Killed a death yak
 14387 | Lair:2   | Found a staircase to the Swamp.
 14714 | Lair:3   | Noticed a four-headed hydra
 14742 | Lair:3   | Killed a four-headed hydra
 14935 | Lair:3   | Noticed a four-headed hydra
 14948 | Lair:3   | Killed a four-headed hydra
 14948 | Lair:3   | Received a gift from Okawaru
 15188 | Lair:3   | Reached skill level 10 in Fighting
 15188 | Lair:3   | Reached skill level 10 in Armour
 15188 | Lair:3   | Reached skill level 10 in Shields
 15384 | Lair:3   | Received a gift from Okawaru
 15531 | Lair:3   | Identified the +6 scale mail "Silubok" {Int+2}
 15548 | Lair:3   | Learned a level 4 spell: Airstrike
 16397 | Lair:4   | Noticed a death yak
 16436 | Lair:4   | Killed a death yak
 16556 | Lair:4   | Noticed a death yak
 16556 | Lair:4   | Noticed a death yak
 16556 | Lair:4   | Noticed a death yak
 16556 | Lair:4   | Noticed a death yak
 16573 | Lair:4   | Noticed a death yak
 16606 | Lair:3   | Killed a death yak
 16607 | Lair:3   | Reached XP level 13. HP: 57/103 MP: 24/24
 17051 | Lair:4   | Reached ****** piety under Okawaru
 17426 | Lair:4   | Found a hole to the Spider Nest.
 17617 | Lair:4   | Received a gift from Okawaru
 19241 | Lair:5   | Reached XP level 14. HP: 100/111 MP: 26/26
 19455 | Lair:5   | Reached skill level 10 in Axes
 19572 | Lair:5   | Received a gift from Okawaru
 20040 | Lair:6   | Entered Level 6 of the Lair of Beasts
 20327 | Lair:6   | Learned a level 3 spell: Ignite Poison
 20371 | Lair:6   | Received a gift from Okawaru
 20650 | Lair:6   | Reached skill level 10 in Invocations
 21356 | Lair:6   | Identified the +5 mace "Arraog" {venom, Int+3}
 21488 | Lair:6   | Noticed a dire elephant
 21519 | Lair:6   | Quit the game

Illustrated notes

Levels and vault maps discovered:
D:1:      dpeg_arrival_subterranean_lakeside_camping, layout_basic,
          ebering_ecumenical_altar_hall, palyth_stone_intersect,
          serial_bayou_pond_d
D:2:      layout_basic, uniq_robin
D:3:      layout_loops_ring, mainiacjoe_overflow_cross_hatched
D:4:      layout_basic, nzn_wu_jian_contemplation, trog_butcher_becter
D:5:      layout_cave_pools, mainiacjoe_overflow_small_starburst,
          nicolae_uskayaw_en_pointe
D:6:      layout_basic, lemuel_crystal_altar, minmay_temple_entry_large_hall,
          ebering_ghost_inner_flame, cheibrodos_sewer_entry_bend,
          nrook_campfire, minmay_fractal_squares_gapless_5, uniq_prince_ribbit1
D:7:      corexii_shack_village, layout_basic, lemuel_coloured_pillars_altar,
          uniq_duvessa
D:8:      layout_gridville, minmay_misc_feat_chi, minmay_door_square
D:9:      layout_gridville, hangedman_minor_gate_pass
D:10:     layout_irregular_city, lemuel_round_altar, kennysheep_another_room,
          grunt_decor_junction, nicolae_shop_clearance
D:11:     layout_rooms, erik_lair_dragon, uniq_snorg
Temple:   eino_narrow_crystal_temple
Lair:1:   layout_long_grid, gauntlet_entry_generic,
          nicolae_volcano_entry_batcave, basic_altar, lemuel_fruit_fields,
          uniq_urug
Lair:2:   layout_small_grid, swamp_mist_pool
Lair:3:   layout_chaotic_city
Lair:4:   beast_lair_carwin_large_4, layout_hall_layers, spider_nest_entry_webs
Lair:5:   layout_roguey, grunt_megastairs_5, uniq_rupert
Lair:6:   gammafunk_lair_ancient_temple, layout_cave_pods,
          dpeg_slime_entry_enclosed_altar

Skill      XL: |  1  2  3  4  5  6  7  8  9 10 11 12 13 14 |
---------------+-------------------------------------------+-----
Invocations    | 1 2 3 4 5 6 7 8 9 10 | 10.1
Short Blades   | 1 2 3 4 5 6 7 8 9 |  9.3
Long Blades    | 1 2 3 4 5 6 7 8 9 |  9.3
Maces & Flails | 1 2 3 4 5 6 7 8 9 |  9.3
Polearms       | 1 2 3 4 5 6 7 8 9 |  9.3
Staves         | 1 2 3 4 5 6 7 8 9 |  9.3
Slings         | 1 2 3 4 5 6 7 8 9 |  9.3
Bows           | 1 2 3 4 5 6 7 8 9 |  9.3
Crossbows      | 1 2 3 4 5 6 7 8 9 |  9.3
Throwing       | 1 2 3 4 5 6 7 8 9 |  9.3
Dodging        | 1 2 3 4 5 6 7 8 9 |  9.3
Stealth        | 1 2 3 4 5 6 7 8 9 |  9.3
Unarmed Combat | 1 2 3 4 5 6 7 8 9 |  9.3
Spellcasting   | 1 2 3 4 5 6 7 8 9 |  9.3
Evocations     | 1 2 3 4 5 6 7 8 9 |  9.3
Conjurations   | 1 2 3 4 5 6 7 |  7.8
Hexes          | 1 2 3 4 5 6 7 |  7.8
Summonings     | 1 2 3 4 5 6 7 |  7.8
Necromancy     | 1 2 3 4 5 6 7 |  7.8
Translocations | 1 2 3 4 5 6 7 |  7.8
Transmutations | 1 2 3 4 5 6 7 |  7.8
Fire Magic     | 1 2 3 4 5 6 7 |  7.8
Ice Magic      | 1 2 3 4 5 6 7 |  7.8
Air Magic      | 1 2 3 4 5 6 7 |  7.8
Earth Magic    | 1 2 3 4 5 6 7 |  7.8
Poison Magic   | 1 2 3 4 5 6 7 |  7.8
Axes           | 5 6 7 8 9 10 | 10.3
Fighting       | 7 8 9 10 11 | 11.2
Armour         | 7 8 9 10 11 | 11.2
Shields        | 7 8 9 10 11 | 11.2

Action                   |  1- 3 |  4- 6 |  7- 9 | 10-12 | 13-15 || total
-------------------------+-------+-------+-------+-------+-------++-------
Melee: War axe           |   108 |   104 |    72 |   248 |   409 ||   941
       Bite              |     2 |     6 |    31 |    78 |    91 ||   208
       Whip              |       |    14 |   255 |   368 |   182 ||   819
       Scimitar          |       |       |       |    24 |       ||    24
       Dagger            |       |       |       |       |     1 ||     1
       Mace              |       |       |       |       |    17 ||    17
 Fire: Hunting sling     |       |    50 |    86 |   177 |   139 ||   452
       Hand crossbow     |       |       |       |    38 |    13 ||    51
Throw: Dart              |       |       |     5 |     8 |     4 ||    17
 Cast: Airstrike         |       |       |       |       |    18 ||    18
Invok: Heroism           |       |       |       |     7 |     3 ||    10
Evoke: Tin of tremorston |       |       |       |     1 |     1 ||     2
       Wand              |       |       |       |     1 |       ||     1
  Use: Scroll            |     2 |     2 |     5 |    11 |     7 ||    27
       Potion            |       |       |     1 |       |     1 ||     2
 Stab: Sleeping          |       |       |       |       |     1 ||     1
Armor: Scale mail        |    11 |       |       |    68 |   160 ||   239
       Chain mail        |    50 |    33 |    76 |    75 |       ||   234
Dodge: Dodged            |    12 |    19 |    47 |   182 |   288 ||   548
Block: Kite shield       |    67 |    82 |   238 |   505 |   530 ||  1422
       Reflection        |       |     3 |    13 |    14 |     2 ||    32
       Rpst.: Scimitar   |       |       |       |     1 |       ||     1
